 Dungeon Crawl Stone Soup version 0.30-a0-168-g0b976cbdc4 (webtiles) character file.

Game seed: 8921842715243875904

245 qw the Chopper (level 6, -4/38 HPs)
             Began as a Gargoyle Fighter on Sept 29, 2022.
             Slain by a lemure (8 damage)
             ... led by Pikel
             ... on level 4 of the Dungeon.
             The game lasted 00:01:13 (3423 turns).

qw the Chopper (Gargoyle Fighter)                   Turns: 3423, Time: 00:01:13

Health: -4/38      AC: 12    Str: 21    XL:     6   Next: 10%
Magic:  6/6        EV:  9    Int:  9    God:
Gold:   94         SH:  4    Dex:  9    Spells: 5/5 levels left

rFire   . . .      SeeInvis .    Y - +0 war axe
rCold   . . .      Faith    .    c - +0 buckler
rNeg    + . .      Spirit   .    b - +0 scale mail
rPois   inf        Reflect  .    (no helmet)
rElec   +          Harm     .    g - +0 cloak
rCorr   .          Rampage  .    (no gloves)
Will    .....                    (no boots)
Stlth   ..........               (no amulet)
HPRegen 0.12/turn                (no ring)
MPRegen 0.10/turn                (no ring)

@: no status effects
A: sickness immunity, AC +4, negative energy resistance 1, electricity
resistance, torment resistance 1, petrification resistance
a: no special abilities


You were on level 4 of the Dungeon.
You visited 1 branch of the dungeon, and saw 4 of its levels.

You collected 94 gold pieces.


Innate Abilities, Weirdness & Mutations

You are immune to sickness and miasma.
Your stone body is resilient. (AC +4)
You are immune to poison.
You resist negative energy. (rN+)
You are resistant to electric shocks. (rElec)
You are resistant to unholy torment.
You are immune to petrification.


   Skills:
 - Level 4.0 Fighting
 - Level 5.0 Axes
 - Level 1.3 Throwing
 - Level 3.2 Armour
 + Level 0.1 Dodging
 - Level 3.2 Shields


You had 5 spell levels left.
You didn't know any spells.
Your spell library was empty.

Inventory:

Hand Weapons
 k - a +0 flail of holy wrath
 Y - a +0 war axe (weapon)
Missiles
 e - 2 javelins (quivered)
Armour
 b - a +0 scale mail (worn)
 c - a +0 buckler (worn)
 g - a +0 cloak (worn)
Scrolls
 a - a scroll of identify
 h - a scroll of fog {unknown}
 l - a scroll of brand weapon {unknown}
Potions
 d - a potion of might
 f - a potion of lignification
 i - a potion of haste {unknown}
 j - 5 potions of curing

Dungeon Overview and Level Annotations

Branches:
Dungeon (4/15)
 Temple: D:4-7

Altars:
Dithmenos
Nemelex Xobeh
Trog

Annotations:
D:4 Pikel


Message History

You closely miss the goblin. The goblin hits you with a +0 dagger.
You closely miss the goblin. The goblin hits you with a +0 dagger.
The goblin hits you but does no damage.
You slash the lemure!
The lemure is moderately wounded.
You hit the lemure but do no damage. You hit the goblin.
The lemure hits you but does no damage. The goblin closely misses you.
The lemure hits you but does no damage.
You barely miss the goblin.
The goblin is severely wounded.
You hit the lemure but do no damage. You barely miss the lemure.
You hit the lemure. The lemure hits you but does no damage.
The goblin hits you but does no damage. The lemure hits you but does no damage.
You block the lemure's attack.
You slash the goblin!
You kill the goblin!
You hit the lemure. You hit the lemure but do no damage. You slash the lemure!
Pikel zaps a wand.
The puff of flame hits you! The lemure barely misses you.
The lemure hits you but does no damage. The lemure hits you.
You barely miss the lemure.
The lemure is heavily wounded.
You closely miss the lemure. You hit the lemure but do no damage.
Pikel says, "Hell isn't that bad."
The lemure barely misses you. The lemure completely misses you.
The lemure hits you. The lemure hits you but does no damage.
The lemure hits you. The lemure hits you but does no damage.
You slash the lemure!
You kill the lemure!
That felt strangely unrewarding.
You hit the lemure. You hit the lemure but do no damage. You barely miss Pikel.
The lemure barely misses you.
Pikel hits you with a +0 whip of flaming!
Pikel burns you. You block the lemure's attack.
You hit the lemure but do no damage.
The lemure is moderately wounded.
You hit the lemure. You hit Pikel.
Pikel hits you with a +0 whip of flaming.
Pikel burns you. The lemure hits you!
You die...

... #.........# #...
######.........#
#...###...##.........#
................##...#
................##...##
......................#
#######...##..........#
#....##5..##..........#
.....5.@..#...........+
......K.5.#.....##...###
..........#.....##...###
.[........##.... #......
..........##....##....%.
#....##.................
#.... #.........##....##
(.((. ......... #....# .
.......


You could see Pikel and 3 lemures.

Vanquished Creatures
  A lemure (D:4)
  An orc priest (D:4)
  Jessica (D:3)
  An orc wizard (D:4)
  Terence (D:3)
  4 gnolls (D:2)
  4 adders
  2 worms
  A dart slug (D:3)
  3 orcs
  9 ball pythons
  4 endoplasms
  4 giant cockroaches
  A hobgoblin (D:2)
  3 quokkas
  8 bats
  5 frilled lizards
  5 goblins
  3 kobolds
  7 rats
68 creatures vanquished.

Notes
Turn   | Place    | Note
-------+----------+-------------------------------------------
     0 | D:1      | qw the Gargoyle Fighter began the quest for the Orb.
     0 | D:1      | Reached XP level 1. HP: 14/14 MP: 1/1
     0 | D:1      | 0 ||| qw: Version: 0.2-a-12-gaebbb33
     0 | D:1      | 0 ||| qw: Game counter: 1136
     0 | D:1      | 0 ||| qw: Always use a shield: true
     0 | D:1      | 0 ||| qw: God list: Okawaru
     0 | D:1      | 0 ||| qw: Allow faded altars: false
     0 | D:1      | 0 ||| qw: Do Orc after D:15 true
     0 | D:1      | 0 ||| qw: Do second Lair branch before Depths: true
     0 | D:1      | 0 ||| qw: Lair rune preference: random
     0 | D:1      | 0 ||| qw: Plans: Normal, Zot:1-4, God:TSO, Crypt, Tomb,
                  | Pan, Slime:5, Hells, Abyss, Orb
     0 | D:1      | 0 ||| PLANNING D:1-11
   131 | D:1      | Reached skill level 2 in Axes
   230 | D:1      | Reached XP level 2. HP: 19/19 MP: 2/2
   346 | D:1      | 346 ||| Stepping ~*~*~tactically~*~*~ (stealth).
   496 | D:1      | 496 ||| Stepping ~*~*~tactically~*~*~ (stealth).
   499 | D:1      | 499 ||| Stepping ~*~*~tactically~*~*~ (stealth).
   503 | D:1      | Reached skill level 3 in Axes
   514 | D:1      | Reached XP level 3. HP: 23/23 MP: 3/3
   528 | D:1      | Found a faded altar of an unknown god.
   721 | D:1      | 721 ||| UPGRADING to +0 cloak.
   726 | D:1      | 726 ||| READING 2 scrolls labelled LOFEIQ NIZOEJ.
   727 | D:1      | 727 ||| READING scroll labelled HEUMUA LOQAZIBB.
   728 | D:1      | 728 ||| DROPPING scroll of immolation.
   768 | D:2      | 768 ||| STAIRDANCE
   841 | D:2      | 841 ||| Stepping ~*~*~tactically~*~*~ (stealth).
   842 | D:2      | 842 ||| Stepping ~*~*~tactically~*~*~ (stealth).
  1092 | D:2      | Reached XP level 4. HP: 26/28 MP: 4/4
  1099 | D:2      | Reached skill level 4 in Axes
  1284 | D:2      | 1284 ||| DROPPING +0 club.
  1309 | D:2      | Found a bloodstained altar of Trog.
  1424 | D:2      | 1424 ||| Stepping ~*~*~tactically~*~*~ (stealth).
  1427 | D:2      | 1427 ||| Stepping ~*~*~tactically~*~*~ (stealth).
  1428 | D:2      | 1428 ||| Stepping ~*~*~tactically~*~*~ (stealth).
  1558 | D:2      | Identified the +7 spear of Eseclu Ifox {vorpal, rF+}
  2197 | D:3      | 2197 ||| Stepping ~*~*~tactically~*~*~ (stealth).
  2199 | D:3      | 2199 ||| Stepping ~*~*~tactically~*~*~ (stealth).
  2273 | D:3      | Noticed Terence
  2274 | D:3      | 2274 ||| Stepping ~*~*~tactically~*~*~ (hiding).
  2280 | D:3      | Noticed Jessica
  2281 | D:3      | Killed Terence
  2282 | D:3      | Reached XP level 5. HP: 32/32 MP: 5/5
  2282 | D:3      | 2282 ||| Stepping ~*~*~tactically~*~*~ (hiding).
  2291 | D:3      | Killed Jessica
  2344 | D:3      | 2344 ||| DROPPING +0 whip.
  2353 | D:3      | Reached skill level 5 in Axes
  2568 | D:3      | 2568 ||| FLEEEEING.
  2569 | D:3      | 2569 ||| FLEEEEING.
  2570 | D:3      | 2570 ||| FLEEEEING.
  2896 | D:3      | Found a sparkling altar of Nemelex Xobeh.
  2896 | D:3      | Found a shadowy altar of Dithmenos.
  2977 | D:3      | 2977 ||| DRINKING 2 murky grey potions.
  3008 | D:3      | 3008 ||| DRINKING 4 blue potions.
  3009 | D:3      | 3009 ||| READING 2 scrolls of identify.
  3009 | D:3      | 3009 ||| IDENTIFYING fuming blue potion
  3010 | D:3      | 3010 ||| DROPPING potion of magic.
  3128 | D:4      | Reached skill level 1 in Throwing
  3136 | D:4      | Reached XP level 6. HP: 23/38 MP: 6/6
  3276 | D:4      | 3276 ||| Stepping ~*~*~tactically~*~*~ (stealth).
  3415 | D:4      | Noticed Pikel
  3422 | D:4      | HP: 9/38 [Pikel/+0 whip of flaming (9)]
  3423 | D:4      | HP: 4/38 [Pikel/+0 whip of flaming (1)]
  3423 | D:4      | Slain by a lemure

Levels and vault maps discovered:
D:1:      zelgadis_glass_arrival_small, layout_rooms,
          chequers_ecumenical_altar_simple_redux
D:2:      layout_basic, basic_altar, minmay_misc_feat_five
D:3:      layout_loops_ring, amethyst_overflow_temple_binary, uniq_jessica,
          uniq_terence
D:4:      layout_gridville, uniq_pikel

Skill      XL: |  1  2  3  4  5 |
---------------+----------------+-----
Axes           | 2 3 4 5 |  5.0
Throwing       | 1 |  1.3
Fighting       | 4 |  4.0
Armour         | |  3.2
Dodging        | |  0.1
Shields        | |  3.2

Action                   |  1- 3 |  4- 6 || total
-------------------------+-------+-------++-------
Melee: War axe           |   115 |   136 ||   251
Throw: Javelin           |       |     8 ||     8
  Use: Scroll            |     2 |     1 ||     3
       Potion            |       |     2 ||     2
Armor: Scale mail        |    81 |    65 ||   146
Dodge: Dodged            |    68 |    50 ||   118
Block: Buckler           |    25 |    17 ||    42

Table legend:
 A = Non-vault XP
 B = Vault XP
 C = Vault XP percentage of total XP
 D = Non-vault monster count
 E = Vault monster count
 F = Vault count percentage of total count
                 A         B        C        D         E       F
            +---------+---------+-------+---------+---------+-------
      Total |     281 |      69 |  19.7 |      65 |       2 |   3.0
            +---------+---------+-------+---------+---------+-------
        D:1 |      39 |       0 |   0.0 |      27 |       0 |   0.0
        D:2 |      98 |       0 |   0.0 |      14 |       0 |   0.0
        D:3 |      51 |      69 |  57.5 |      15 |       2 |  11.8
        D:4 |      93 |       0 |   0.0 |       9 |       0 |   0.0
            +---------+---------+-------+---------+---------+-------
